 Dungeon Crawl Stone Soup version 0.31-a0-1202-ga8fea8b373 (webtiles) character file.

Game seed: 8135644938708579248

12 Inarius the Trooper (level 2, -1/24 HPs)
             Began as a Mummy Fighter on Dec 12, 2023.
             Slain by Terence
             ... wielding a +0 flail
              (3 damage)
             ... on level 2 of the Dungeon.
             The game lasted 00:00:35 (672 turns).

Inarius the Trooper (Mummy Fighter)                  Turns: 672, Time: 00:00:37

Health: -1/24      AC:  6    Str: 19    XL:     2   Next: 20%
Magic:  11/11      EV:  9    Int:  7    God:
Gold:   76         SH:  4    Dex: 11    Spells: 1/1 levels left

rFire   x . .        a - +0 war axe
rCold   + . .        c - +0 buckler
rNeg    + + +        b - +0 scale mail
rPois   ∞            (no helmet)
rElec   .            (no cloak)
rCorr   .            (no gloves)
SInv    .            (no boots)
Will    .....        (no amulet) Stlth
                     d - ring of magical power
HPRegen 0.24/turn    (no ring)
MPRegen 0.12/turn

%: faith
@: no status effects
A: cold resistance 1, negative energy resistance 3, torment resistance 2, heat
vulnerability 1, in touch with death 1, no potions, faith
a: no special abilities


You were on level 2 of the Dungeon.
You visited 1 branch of the dungeon, and saw 2 of its levels.

You collected 76 gold pieces.

Inventory:

Hand Weapons
 a - a +0 war axe (weapon)
Armour
 b - a +0 scale mail (worn)
 c - a +0 buckler (worn)
Jewellery
 d - a ring of magical power (left hand)


   Skills:
 * Level 3.3 Fighting
 + Level 1.6 Axes
 + Level 2.5 Armour
 + Level 2.5 Shields


You had one spell level left.
You didn't know any spells.
Your spell library contained the following spells:

 Spells                   Type           Power      Damage    Failure   Level
 Magic Dart               Conj           0%         1d3       87%         1
 Call Imp                 Summ           0%         N/A       95%         2
 Static Discharge         Conj/Air       0%         3-3/arc   95%         2
 Mephitic Cloud           Conj/Pois/Air  0%         N/A       99%         3
 Airstrike                Air            0%         2d(0-16)  100%        4
 Summon Lightning Spire   Summ/Air       0%         N/A       100%        4


Dungeon Overview and Level Annotations

Branches:
Dungeon (2/15)

Altars:

Annotations:
D:2 Terence


Innate Abilities, Weirdness & Mutations

You are immune to poison.
Your flesh is cold resistant. (rC+)
You are immune to negative energy. (rN+++)
You are immune to unholy pain and torment.
You are vulnerable to heat. (rF-)
You are in touch with the powers of death.
You do not drink.
You have a special connection with the divine. (Faith)


Message History

The kobold is moderately wounded.
The kobold barely misses you. You block the kobold's attack. x2
You slash the kobold!
You kill the kobold!
You hit the kobold but do no damage. You block the kobold's attack.
You closely miss Terence. You hit the kobold. Terence hits you with a +0 flail.
The kobold hits you with a +0 dagger. Terence hits you with a +0 flail!
The kobold hits you with a +0 dagger.
You are too injured to fight recklessly!
You are too injured to fight recklessly!
You are too injured to fight recklessly!
You are too injured to fight recklessly!
You are too injured to fight recklessly!
You are too injured to fight recklessly!
You are too injured to fight recklessly!
You are too injured to fight recklessly!
You are too injured to fight recklessly!
You are too injured to fight recklessly!
You are too injured to fight recklessly!
You are too injured to fight recklessly!
You are too injured to fight recklessly!
You are too injured to fight recklessly!
You are too injured to fight recklessly!
You are too injured to fight recklessly!
You are too injured to fight recklessly!
Unknown command.
You hit the kobold.
You kill the kobold!
You barely miss Terence. Terence closely misses you.
You barely miss Terence. Terence hits you with a +0 flail.
* * * LOW HITPOINT WARNING * * *
You barely miss Terence. Terence closely misses you.
Terence hits you with a +0 flail.
* * * LOW HITPOINT WARNING * * *
As you read the scroll labelled HAHEMN OQOECUX, it dissolves into smoke.
It was a scroll of fog.
Terence hits you with a +0 flail.
* * * LOW HITPOINT WARNING * * *
Terence attacks as he pursues you! Terence hits you with a +0 flail.
You die...
Terence says, "That felt goooood."

#......# #......#
#......# #......#
### #.))...#
......#§§....#
......#§§§§..#
......#§@§§..#
......#§@§$§.#
........§§§§.#
.........########
......).).......#
####...........#
#.......<...#
#...........#
#...........#
#...........#


You could see Terence.

Vanquished Creatures
  3 bats
  A giant cockroach (D:1)
  3 hobgoblins
  4 kobolds (D:2)
  A rat (D:1)
12 creatures vanquished.

Notes
Turn   | Place    | Note
-------+----------+-------------------------------------------
     0 | D:1      | Inarius the Mummy Fighter began the quest for the Orb.
     0 | D:1      | Reached XP level 1. HP: 18/18 MP: 1/1
   645 | D:2      | Reached XP level 2. HP: 21/24 MP: 2/2
   659 | D:2      | Noticed Terence
   672 | D:2      | Slain by Terence

Illustrated notes

Levels and vault maps discovered:
D:1:      mrwooster_arrival_statue_3, layout_loops_ring
D:2:      cheibrodos_greedy_goblins, layout_basic, uniq_terence, uniq_sigmund

Action                     || total
---------------------------++-------
  Melee: War axe           ||    38
    Use: Scroll            ||     1
 Armour: Scale mail        ||    29
  Dodge: Dodged            ||    26
  Block: Buckler           ||    11

Table legend: (Time is in decaauts)
 A = Elapsed time spent in this place.
 B = Non-inter-level travel time spent in this place.
 C = Inter-level travel time spent in this place.
 D = Time resting spent in this place.
 E = Time spent auto-exploring this place.
 F = Levels seen in this place.
 G = Mean time per level.
                   A        B        C        D        E       F      G
               +--------+--------+--------+--------+--------+-----+--------+
         Total |    688 |    676 |     12 |      0 |    576 |   2 |  344.0 |
       Dungeon |    688 |    676 |     12 |      0 |    576 |   2 |  344.0 |
               +--------+--------+--------+--------+--------+-----+--------+

Top non-repeatable levels by time:
     D:1: 629 daAuts
     D:2: 59 daAuts
